 Dungeon Crawl Stone Soup version 0.31.0-9-g3a7656b989 (webtiles) character file.

Game seed: 9388416753114659926

23 qw the Shooter (level 2, 0/16 HPs)
             Began as a Deep Elf Hunter on Feb 2, 2024.
             Succumbed to their own poison gas
             ... on level 1 of the Dungeon.
             The game lasted 00:00:02 (605 turns).

qw the Shooter (Deep Elf Hunter)                     Turns: 605, Time: 00:00:02

Health: 0/16       AC:  3    Str:  8    XL:     2   Next: 75%
Magic:  4/4        EV: 12    Int: 13    God:
Gold:   29         SH:  0    Dex: 18    Spells: 1/1 levels left

rFire   . . .        a - +0 shortbow (heavy)
rCold   . . .        (shield currently unavailable)
rNeg    . . .        c - +0 leather armour
rPois   .            (no helmet)
rElec   .            (no cloak)
rCorr   .            (no gloves)
SInv    .            (no boots)
Will    +....        (no amulet)
Stlth   ++           (no ring)
HPRegen 0.22/turn    (no ring)
MPRegen 0.09/turn

%: no passive effects
@: lethally poisoned (0 -> -13), enlightened, flying
A: no striking features
a: no special abilities


You were on level 1 of the Dungeon.
You visited 1 branch of the dungeon, and saw 1 of its levels.

You collected 29 gold pieces.


   Skills:
 - Level 1.5 Fighting
 + Level 6.5 Ranged Weapons
 - Level 2.4 Dodging
 - Level 1.2 Stealth


You had one spell level left.
You didn't know any spells.
Your spell library was empty.

Inventory:

Hand Weapons
 a - a +0 heavy shortbow (weapon)
Armour
 c - a +0 leather armour (worn)
Potions
 d - a potion of enlightenment
 e - a potion of might {unknown}

Dungeon Overview and Level Annotations

Branches:
Dungeon (1/15)

Altars:


Message History

Done exploring.
599 ||| READING scroll labelled ZOJUOPLA WOWKO.
As you read the scroll labelled ZOJUOPLA WOWKO, it crumbles to dust.
It is a scroll of brand weapon.
599 ||| BRANDING +0 shortbow.
Your +0 shortbow becomes incredibly heavy!
a - a +0 heavy shortbow (weapon)
Done exploring.
600 ||| READING scroll labelled XOACOJ OXE.
As you read the scroll labelled XOACOJ OXE, it crumbles to dust.
The air around you briefly surges with heat, but it dissipates.
It was a scroll of immolation.
Done exploring.
601 ||| DRINKING 2 pink potions.
It was a potion of enlightenment.
You feel very buoyant.
You fly up into the air.
Done exploring.
602 ||| DROPPING scroll of butterflies.
You drop a scroll of butterflies.
Done exploring.
What level of the Dungeon? (default 1, ? - help) Sorry, I don't know how to get there.
Enter note:
Enter note:
Enter note:
Enter note:
Enter note:
Enter note:
Enter note:
Enter note:
Enter note:
Enter note:
Enter note:
Enter note: You are engulfed in poison gas.
You are lethally poisoned!
You feel very sick.
604 ||| Stepping ~*~*~tactically~*~*~ (cloud).
You feel very sick.
You see here a scroll of butterflies.
There is a lethal amount of poison in your body!
You die...

..~~~~~~~~~~.#....##.##.#
~~..~~~~.....#.##.##.##.###
......~..~~.~#.>.¤¤.......######
######....##.####¤##.##.#......#
#.....#.####¤##¤##.#.####.#
#.......##¤0¤0¤¤##......#.#
##.......##¤¤0¤¤¤####.##.#.#
#.........#0¤¤¤¤¤¤0)..##.#.#
##.......##¤@¤0¤#####......#
##.....###¤¤¤0¤##.......###
#....## ########.####### #.#.##
### #.# #.### ##.## #.# #.#
##.#.## #.# #.# ##.###.## #.#
#.####.## ##.###.# #.....##
##....#


There were no monsters in sight!

Vanquished Creatures
  7 giant cockroaches (D:1)
  5 hobgoblins (D:1)
  2 quokkas (D:1)
  A ball python (D:1)
  2 bats (D:1)
  2 kobolds (D:1)
  A rat (D:1)
20 creatures vanquished.

Notes
Turn   | Place    | Note
-------+----------+-------------------------------------------
     0 | D:1      | qw the Deep Elf Hunter began the quest for the Orb.
     0 | D:1      | Reached XP level 1. HP: 12/12 MP: 3/3
     0 | D:1      | 0 ||| qw: Version: 0.3-a-155-g5e7d8dd
     0 | D:1      | 0 ||| qw: Game counter: 1005
     0 | D:1      | 0 ||| qw: Melee chars always use a shield: true
     0 | D:1      | 0 ||| qw: God list: Okawaru
     0 | D:1      | 0 ||| qw: Allow faded altars: false
     0 | D:1      | 0 ||| qw: Do Orc after clearing Dungeon:15 true
     0 | D:1      | 0 ||| qw: Do second Lair branch before Depths: true
     0 | D:1      | 0 ||| qw: Lair rune preference: random
     0 | D:1      | 0 ||| qw: Goals: Normal
     0 | D:1      | 0 ||| PLANNING D:1-11
   201 | D:1      | Reached XP level 2. HP: 16/16 MP: 4/4
   221 | D:1      | Reached skill level 6 in Ranged Weapons
   420 | D:1      | Found a faded altar of an unknown god.
   598 | D:1      | 598 ||| READING scroll labelled UCWEET EDAEGGI.
   599 | D:1      | 599 ||| READING scroll labelled ZOJUOPLA WOWKO.
   599 | D:1      | 599 ||| BRANDING +0 shortbow.
   600 | D:1      | 600 ||| READING scroll labelled XOACOJ OXE.
   601 | D:1      | 601 ||| DRINKING 2 pink potions.
   602 | D:1      | 602 ||| DROPPING scroll of butterflies.
   604 | D:1      | 604 ||| Stepping ~*~*~tactically~*~*~ (cloud).
   604 | D:1      | HP: 2/16 [poisoned by you (poison gas)]
   605 | D:1      | Succumbed to their own poison gas

Levels and vault maps discovered:
D:1:      minmay_arrival_stone_box, layout_loops_cross,
          chequers_ecumenical_altar_island, minmay_worlds_worst_comb

Skill      XL: |  1  2 |
---------------+-------+-----
Ranged Weapons | 6 |  6.5
Fighting       | |  1.5
Dodging        | |  2.4
Stealth        | |  1.2

Action                     || total
---------------------------++-------
   Fire: Shortbow          ||    46
    Use: Scroll            ||     3
         Potion            ||     1
 Armour: Leather armour    ||     8
  Dodge: Dodged            ||     7

Table legend:
 A = Non-vault XP
 B = Vault XP
 C = Vault XP percentage of total XP
 D = Non-vault monster count
 E = Vault monster count
 F = Vault count percentage of total count
                 A         B        C        D         E       F
            +---------+---------+-------+---------+---------+-------
      Total |      26 |       8 |  23.5 |      16 |       4 |  20.0
            +---------+---------+-------+---------+---------+-------
        D:1 |      26 |       8 |  23.5 |      16 |       4 |  20.0
            +---------+---------+-------+---------+---------+-------
